 Dungeon Crawl Stone Soup version 0.29-a0-1019-g84f7d21838 (webtiles) character file.

Game seed: 12833608428651893318

394 jlumianski the Chopper (level 6, -5/47 HPs)
             Began as a Demonspawn Gladiator on Aug 11, 2022.
             Was a Follower of Okawaru.
             Slain by a catoblepas (13 damage)
             ... while petrified by a catoblepas
             ... on level 8 of the Dungeon.
             The game lasted 00:10:00 (2914 turns).

jlumianski the Chopper (Demonspawn Gladiator)       Turns: 2914, Time: 00:10:01

Health: -5/47      AC:  9    Str: 16    XL:     6   Next: 51%
Magic:  6/6        EV:  2    Int:  6    God:    Okawaru [*.....]
Gold:   99         SH:  0    Dex: 21    Spells: 5/5 levels left

rFire   . . .      SeeInvis +   a - +0 war axe
rCold   + . .      Faith    .   (no shield)
rNeg    + + +      Spirit   .   q - +0 chain mail
rPois   ∞          Reflect  .   (helmet restricted)
rElec   .          Harm     .   v - +0 cloak of Analysis {Int-3 Dex+6 SInv}
rCorr   .          Rampage  .   (no gloves)
Will    .....                   (no boots)
Stlth   ..........              (no amulet)
HPRegen 0.15/turn               f - ring of protection from cold
MPRegen 0.10/turn               (no ring)

@: petrified
A: antennae 1, claws 1, hooves 2, demonic magic 1
a: Renounce Religion, Heroism


You were on level 8 of the Dungeon.
You worshipped Okawaru.
Okawaru was aware of your devotion.
You visited 1 branch of the dungeon, and saw 6 of its levels.

You collected 99 gold pieces.

Inventory:

Hand Weapons
 a - a +0 war axe (weapon)
 x - a +2 arbalest of flaming
Missiles
 d - a throwing net (quivered)
 e - a javelin
 t - 18 stones
Armour
 b - a +0 leather armour
 c - a +0 helmet
 q - a +0 chain mail (worn)
 v - the +0 cloak of Analysis (worn) {Int-3 Dex+6 SInv}
   (You found it on level 4 of the Dungeon)

   Int:       It affects your intelligence (-3).
   Dex:       It affects your dexterity (+6).
   SInv:      It lets you see invisible.
Jewellery
 f - a ring of protection from cold (left claw)
Wands
 y - a wand of mindburst (8)
Scrolls
 h - a scroll of noise {unknown}
 i - a scroll of poison
 k - 2 scrolls of teleportation
 l - a scroll of fear
 n - a scroll of blinking
 o - a scroll of enchant weapon {unknown}
 r - 2 scrolls of identify {unknown}
 u - a scroll of butterflies {unknown}
 w - a scroll of immolation {unknown}
Potions
 g - a potion of haste {unknown}
 j - a potion of lignification {unknown}
 m - a potion of flight
 p - a potion of berserk rage {unknown}
 s - a potion of might {unknown}
 z - a potion of curing {unknown}
 A - a potion of magic {unknown}


   Skills:
 + Level 3.0 Fighting
 + Level 5.0 Axes
 * Level 1.7 Ranged Weapons
 + Level 2.1 Throwing
 + Level 1.7 Armour
 + Level 3.1 Dodging
 + Level 1.3 Stealth


You had 5 spell levels left.
You didn't know any spells.
Your spell library contained the following spells:

 Spells                   Type           Power      Damage    Failure   Level
 Shock                    Conj/Air       0%         1d3       100%        1
 Swiftness                Air            0%         N/A       100%        3
 Airstrike                Air            0%         2d(0-16)  100%        4
 Cause Fear               Hex            0%         N/A       100%        4
 Iskenderun's Battlesphe  Conj           0%         2d6       100%        5
 Iron Shot                Conj/Erth      0%         9d1       100%        6
 Dragon Form              Tmut           0%         N/A       100%        7
 Spellforged Servitor     Conj/Summ      Unusable   N/A       N/A         7
 Dragon's Call            Summ           Unusable   N/A       N/A         9

Dungeon Overview and Level Annotations

Branches:
Dungeon (5/15)             Temple (0/1) D:5

Altars:
Okawaru
Xom

Shops:
D:1 ?

Annotations:
D:2 Sigmund


Innate Abilities, Weirdness & Mutations

You have a pair of small antennae on your head.
You have sharp fingernails.
You have hoof-like feet.
Spells you cast may paralyse adjacent enemies.


Message History

Throw: 2 throwing nets
Press: ? - help, Q - select action, (/) - cycle Shift-Dir - straight line, f - catoblepas
Aim: a catoblepas (90% to hit)
You throw a throwing net. The throwing net hits the catoblepas.
The catoblepas is caught in the net!
The catoblepas struggles against the net.
You hit the catoblepas but do no damage.
You kick the catoblepas, but do no damage.
The catoblepas struggles against the net.
You strike the helpless catoblepas from behind!
You slash the catoblepas! You kick the catoblepas. You claw the catoblepas.
The catoblepas is lightly wounded.
The catoblepas struggles against the net. x2
You strike the helpless catoblepas from behind!
You hit the catoblepas but do no damage.
The catoblepas is lightly wounded.
The catoblepas breathes a plume of calcifying dust at you.
The blast of calcifying dust hits you but does no damage.
The catoblepas struggles against the net.
You slash the catoblepas! You kick the catoblepas.
The catoblepas is moderately wounded.
You are engulfed in calcifying dust.
You are slowing down.
You are engulfed in calcifying dust.
The catoblepas struggles against the net.
The net rips apart, and the catoblepas comes free!
Your limbs are stiffening.
You are engulfed in calcifying dust.
You have turned to stone.
You are engulfed in calcifying dust.
The catoblepas gores you!! The catoblepas gores you! x2
The catoblepas gores you. The catoblepas gores you!
The catoblepas breathes a plume of calcifying dust at you.
The blast of calcifying dust hits you!
You are engulfed in calcifying dust.
The catoblepas gores you.
* * * LOW HITPOINT WARNING * * *
You are engulfed in calcifying dust.
The catoblepas gores you!
* * * LOW HITPOINT WARNING * * *
You are engulfed in calcifying dust.
The catoblepas gores you!!
You die...

.....## #.# #...##
#.# ##.## #.# #.#
#.# #.# #.#
#.######## #.#
##........# #.#
...######.# #Y#
##.# #.# #@# #.#
#.# #§# #.# #.#
#§# #.# ###.# #.#
#.# #...# #.# #.#
#.### #.# #.# #.#
## #.# #.###...#
#.########.......#


You could see a catoblepas.

Vanquished Creatures
  A black bear (D:8)
  Blork the orc (D:5)
  An orc priest (D:3)
  2 hounds (D:5)
  An iguana (D:5)
  Jessica (D:3)
  A gnoll (D:1)
  An adder (D:2)
  A white imp (D:4)
  A dart slug (D:2)
  7 orcs
  9 ball pythons
  4 bats
  6 endoplasms
  3 goblins (D:3)
  3 hobgoblins (D:1)
  7 jackals
  4 kobolds
  3 quokkas (D:1)
  2 frilled lizards (D:1)
  A rat (D:3)
60 creatures vanquished.

Vanquished Creatures (others)
  A dart slug (D:3)
  An orc (D:3)
  A quokka (D:3)
  A rat (D:3)
4 creatures vanquished.

Grand Total: 64 creatures vanquished

Notes
Turn   | Place    | Note
-------+----------+-------------------------------------------
     0 | D:1      | jlumianski the Demonspawn Gladiator began the quest for the
                  | Orb.
     0 | D:1      | Reached XP level 1. HP: 16/16 MP: 1/1
   413 | D:1      | Reached skill level 3 in Axes
   413 | D:1      | Discovered your monstrous ancestry.
   413 | D:1      | Gained mutation: You have large cloven feet. [demonic
                  | ancestry]
   413 | D:1      | Reached XP level 2. HP: 22/22 MP: 2/2
   619 | D:1      | Gained mutation: You have sharp fingernails. [demonic
                  | ancestry]
   619 | D:1      | Reached XP level 3. HP: 23/27 MP: 3/3
  1001 | D:1      | Found Wulyicov's Magic Scroll Boutique.
  1279 | D:2      | Noticed Sigmund
  1394 | D:2      | Found an iron altar of Okawaru.
  1403 | D:2      | Became a worshipper of Warmaster Okawaru
  1493 | D:2      | Found a faded altar of an unknown god.
  1567 | D:3      | Found a shimmering altar of Xom.
  1640 | D:3      | Gained mutation: Spells you cast may paralyse adjacent
                  | enemies. [demonic ancestry]
  1640 | D:3      | Reached XP level 4. HP: 34/34 MP: 4/4
  1679 | D:3      | Reached skill level 1 in Armour
  1679 | D:3      | Reached skill level 1 in Stealth
  1822 | D:3      | Noticed Jessica
  1839 | D:3      | Killed Jessica
  1857 | D:3      | Reached skill level 4 in Axes
  2005 | D:4      | Gained mutation: You have hoof-like feet. [demonic
                  | ancestry]
  2005 | D:4      | Reached XP level 5. HP: 34/39 MP: 5/5
  2077 | D:4      | Identified the +0 cloak of Analysis {Int-3 Dex+6 SInv}
  2128 | D:5      | Entered Level 5 of the Dungeon
  2293 | D:5      | Found a staircase to the Ecumenical Temple.
  2408 | D:4      | Noticed a black bear
  2408 | D:4      | Noticed a black bear
  2606 | D:5      | Noticed Blork the orc
  2623 | D:5      | Killed Blork the orc
  2623 | D:5      | Reached * piety under Okawaru
  2624 | D:5      | Reached skill level 1 in Ranged Weapons
  2624 | D:5      | Gained mutation: You have a pair of small antennae on your
                  | head. [demonic ancestry]
  2624 | D:5      | Reached XP level 6. HP: 29/46 MP: 6/6
  2627 | D:5      | You fall into a shaft and drop 3 floors!
  2750 | D:8      | Reached skill level 5 in Axes
  2895 | D:8      | Noticed a catoblepas
  2914 | D:8      | Slain by a catoblepas

Illustrated notes

Levels and vault maps discovered:
D:1:      dpeg_arrival_orchard, layout_basic, serial_shops, shop,
          serial_park_tiny_1, minmay_pentomino_q2
D:2:      layout_loops_ring, shapermc_ecumenical_altar_petra, basic_altar,
          st_stairs_1, uniq_sigmund
D:3:      layout_basic, xom_confusion_cloud, minmay_surrounded, uniq_jessica
D:4:      layout_cave_pods, nzn_wu_jian_contemplation, trog_ov_bears_minmay
D:5:      layout_rooms, minmay_temple_entry_large_hall, uniq_blork_the_orc
D:8:      layout_loops_ring, lemuel_tele_altar, minmay_overflow_temple_hex,
          yredelemnul_altar_generic

Skill      XL: |  1  2  3  4  5  6 |
---------------+-------------------+-----
Axes           | 3 4 5 |  5.0
Throwing       | 2 |  2.1
Dodging        | 3 |  3.1
Armour         | 1 |  1.7
Stealth        | 1 |  1.3
Ranged Weapons | 1 |  1.7
Fighting       | 3 |  3.0

Action                   |  1- 3 |  4- 6 || total
-------------------------+-------+-------++-------
Melee: War axe           |    82 |    53 ||   135
       Punch             |     1 |     2 ||     3
       Kick              |    14 |    16 ||    30
 Fire: Arbalest          |       |    15 ||    15
Throw: Throwing net      |       |     5 ||     5
  Use: Scroll            |     3 |     1 ||     4
       Potion            |     1 |     2 ||     3
 Stab: Sleeping          |     2 |       ||     2
       Held in net/web   |       |     3 ||     3
Armor: Leather armour    |    15 |       ||    15
       Chain mail        |    20 |    53 ||    73
Dodge: Dodged            |    49 |    25 ||    74

Table legend: (Time is in decaauts)
 A = Elapsed time spent in this place.
 B = Non-inter-level travel time spent in this place.
 C = Inter-level travel time spent in this place.
 D = Time resting spent in this place.
 E = Time spent auto-exploring this place.
 F = Levels seen in this place.
 G = Mean time per level.
                   A        B        C        D        E       F      G
               +--------+--------+--------+--------+--------+-----+--------+
         Total |   2977 |   2947 |     30 |    512 |   1505 |   6 |  496.2 |
       Dungeon |   2977 |   2947 |     30 |    512 |   1505 |   6 |  496.2 |
               +--------+--------+--------+--------+--------+-----+--------+

Top non-repeatable levels by time:
     D:1: 1414 daAuts
     D:5: 514 daAuts
     D:3: 460 daAuts
     D:8: 290 daAuts
     D:2: 152 daAuts
     D:4: 145 daAuts
